 Dungeon Crawl Stone Soup version 0.26-a0-264-g3a471323bd (webtiles) character file.

Game seed: 16189850140954556223

315 Gargoyl the Skirmisher (level 6, 0/52 HPs)
             Began as a Centaur Abyssal Knight on July 11, 2020.
             Was a Believer of Lugonu.
             Slain by a scorpion (7 damage)
             ... on level 4 of the Dungeon.
             The game lasted 00:04:02 (3607 turns).

Gargoyl the Skirmisher (Centaur Abyssal Knight)     Turns: 3607, Time: 00:04:02

Health: 0/52       AC:  7    Str: 28    XL:     6   Next: 20%
Magic:  8/8        EV: 10    Int: 11    God:    Lugonu [**....]
Gold:   135        SH:  0    Dex:  9    Spells: 5/5 levels left

rFire    . . .     SeeInvis .   a - +1 hand axe
rCold    . . .     Faith    .   (no shield)
rNeg     . . .     Spirit   .   b - +1 leather armour
rPois    .         Reflect  .   j - +2 hat
rElec    .         Harm     .   (no cloak)
rCorr    .                      (no gloves)
MR       .....                  (no barding)
Stlth    ..........             f - amulet of regeneration
HPRegen  0.57/turn              o - +6 ring of strength
MPRegen  0.11/turn              i - +6 ring of strength

@: lethally poisoned (0 -> -11), very quick
A: large, hooves 3, deformed body, speed 2, tough skin 3
a: Depart the Abyss, Bend Space, Renounce Religion


You were on level 4 of the Dungeon.
You worshipped Lugonu.
Lugonu was pleased with you.
You were not hungry.

You visited 1 branch of the dungeon, and saw 4 of its levels.
You visited the Abyss 1 time.

You collected 135 gold pieces.

Inventory:

Hand Weapons
 a - a +1 hand axe (weapon)
 g - a +0 war axe
Missiles
 d - 3 boomerangs (quivered)
Armour
 b - a +1 leather armour (worn)
 j - a +2 hat (worn)
Jewellery
 e - an uncursed ring of protection from magic
 f - an amulet of regeneration (around neck)
 i - a +6 ring of strength (right hand)
 o - a +6 ring of strength (left hand)
Scrolls
 h - 2 scrolls of teleportation {unknown}
 k - 2 scrolls of remove curse
 l - a scroll of blinking
 m - a scroll of random uselessness {unknown}
 n - 3 scrolls of identify
Comestibles
 c - 4 rations


   Skills:
 + Level 3.9 Fighting
 + Level 3.3 Axes
 * Level 2.7 Armour
 * Level 1.9 Dodging
 * Level 3.3 Invocations


You had 5 spell levels left.
You didn't know any spells.
Your spell library was empty.

Dungeon Overview and Level Annotations

Branches:
Dungeon (4/15)
 Temple: D:4-7

Altars:
Okawaru
Wu Jian
The Shining One


Innate Abilities, Weirdness & Mutations

You have hooves in place of feet.
Armour fits poorly on your strangely shaped body.
You cover ground very quickly.
You have extremely tough skin. (AC +3)


Message History

The scorpion poisons you!
You hit the scorpion but do no damage. You kick the scorpion.
The scorpion is heavily wounded.
* * * LOW HITPOINT WARNING * * *
You feel very sick. The scorpion misses you.
You barely miss the scorpion. You kick the scorpion.
The scorpion is severely wounded.
* * * LOW HITPOINT WARNING * * *
You feel very sick. The scorpion barely misses you.
You hit the scorpion. Your kick misses the scorpion.
The scorpion is almost dead.
* * * LOW HITPOINT WARNING * * *
You feel sick. The scorpion barely misses you.
Unknown command.
You aren't carrying any potions.
* * * LOW HITPOINT WARNING * * *
You feel sick. The scorpion stings you!
You die...

... #.. ##.# #
#..# # #.#..# ..
..##.#..#####...
...........!.[..
#..?s@.....#
###..#.#.###
#?..## #..##
..... ###..#.
#.###. #. ## #%


You could see a scorpion.

Vanquished Creatures
  A sky beast (D:3)
  A scorpion (D:3)
  An orc priest (D:2)
  Jessica (D:2)
  5 adders
  A worm (D:2)
  3 dart slugs (D:1)
  3 leopard geckos
  8 orcs
  4 bats
  3 giant cockroaches
  4 goblins
  5 hobgoblins
  7 jackals
  A kobold (D:3)
  2 quokkas
  A ball python (D:3)
  3 frilled lizards
  4 rats
58 creatures vanquished.

Notes
Turn   | Place    | Note
-------+----------+-------------------------------------------
     0 | Abyss:1  | Gargoyl the Centaur Abyssal Knight began the quest for the
                  | Orb.
     0 | Abyss:1  | Reached XP level 1. HP: 19/19 MP: 2/2
    32 | Abyss:1  | Found a corrupted altar of Lugonu.
    86 | Abyss:1  | Noticed a smoke demon
    97 | Abyss:1  | Noticed a chaos spawn
    98 | D:1      | Escaped the Abyss
   535 | D:1      | Reached XP level 2. HP: 25/26 MP: 3/3
  1094 | D:2      | Reached skill level 1 in Dodging
  1285 | D:2      | Found an iron altar of Okawaru.
  1318 | D:2      | Found an ornate altar of the Wu Jian Council.
  1319 | D:2      | Reached XP level 3. HP: 31/31 MP: 4/4
  1412 | D:2      | Reached * piety under Lugonu
  1418 | D:2      | Reached XP level 4. HP: 13/38 MP: 5/5
  1965 | D:2      | Noticed Jessica
  1979 | D:2      | Killed Jessica
  2689 | D:3      | Reached XP level 5. HP: 46/46 MP: 7/7
  2762 | D:3      | Noticed a sky beast
  3037 | D:3      | Killed a sky beast
  3196 | D:3      | Reached ** piety under Lugonu
  3388 | D:3      | Found a glowing golden altar of the Shining One.
  3537 | D:3      | Reached XP level 6. HP: 37/52 MP: 8/8
  3607 | D:4      | Slain by a scorpion

Illustrated notes

Levels and vault maps discovered:
D:1:      wander_arrival_desolate, layout_basic, nrook_campfire
D:2:      cheibrodos_pilgrimage, layout_loops_ring, lemuel_doored_altar,
          serial_bayou_pond_d, okawaru_gym_becter, uniq_jessica
D:3:      layout_basic, lemuel_round_altar, minmay_circle_x
D:4:      layout_loops_ring, overflow_temple_1_default, first_ration,
          minmay_manual_monstrance

Skill      XL: |  1  2  3  4  5 |
---------------+----------------+-----
Axes           | 2 3 |  3.3
Dodging        | 1 |  1.9
Armour         | 2 |  2.7
Invocations    | 3 |  3.3
Fighting       | |  3.9

Action                   |  1- 3 |  4- 6 || total
-------------------------+-------+-------++-------
Melee: Hand axe          |    56 |   103 ||   159
       Kick              |    15 |    25 ||    40
Throw: Boomerang         |       |     1 ||     1
Invok: Depart the Abyss  |     1 |       ||     1
  Use: Scroll            |     8 |     1 ||     9
       Potion            |     2 |     1 ||     3
  Eat: Ration            |       |     2 ||     2
Armor: Leather armour    |    14 |    62 ||    76
Dodge: Dodged            |    19 |    53 ||    72

Table legend:
 A = Non-vault XP
 B = Vault XP
 C = Vault XP percentage of total XP
 D = Non-vault monster count
 E = Vault monster count
 F = Vault count percentage of total count
                 A         B        C        D         E       F
            +---------+---------+-------+---------+---------+-------
      Total |     330 |     121 |  26.8 |      43 |      15 |  25.9
            +---------+---------+-------+---------+---------+-------
        D:1 |      31 |       0 |   0.0 |      13 |       0 |   0.0
        D:2 |      47 |      96 |  67.1 |      11 |       8 |  42.1
        D:3 |     239 |      25 |   9.5 |      18 |       7 |  28.0
        D:4 |      13 |       0 |   0.0 |       1 |       0 |   0.0
            +---------+---------+-------+---------+---------+-------
